 Dungeon Crawl Stone Soup version 0.21-a0-404-g291f19a (webtiles) character file.

47 graki42 the Firebug (level 3, 0/19 HPs)
             Began as a Deep Elf Fire Elementalist on Oct 27, 2017.
             Slain by a gnoll
             ... wielding a +0 spear
              (7 damage)
             ... on level 2 of the Dungeon.
             The game lasted 00:02:46 (1157 turns).

graki42 the Firebug (Deep Elf Fire Elementalist)    Turns: 1157, Time: 00:02:48

Health: 0/19       AC:  2    Str:  6    XL:     3   Next: 48%
Magic:  9/10       EV: 12    Int: 19    God:
Gold:   17         SH:  0    Dex: 15    Spells: 2/9 levels left

rFire    . . .     SeeInvis .   h - +1 dagger (drain)
rCold    . . .     Gourm    .   (no shield)
rNeg     . . .     Faith    .   a - +0 robe
rPois    .         Spirit   .   (no helmet)
rElec    .         Reflect  .   (no cloak)
rCorr    .         Harm     .   (no gloves)
MR       .....                  (no boots)
Stlth    ++........             (no amulet)
HPRegen  0.06/turn              (no ring)
MPRegen  0.12/turn              (no ring)

@: drained
A: no striking features
a: no special abilities


You were on level 2 of the Dungeon.
You were hungry.

You visited 1 branch of the dungeon, and saw 2 of its levels.

You collected 17 gold pieces.

Inventory:

Hand Weapons
 h - a +1 dagger of draining (weapon)
Armour
 a - a +0 robe (worn)
Scrolls
 d - a scroll of fog {unknown}
 e - a scroll of fear {unknown}
 i - a scroll of blinking {unknown}
 j - a scroll of remove curse {unknown}
 k - a scroll of amnesia {unknown}
Potions
 f - a potion of curing {unknown}
 g - a potion of mutation {unknown}
 l - a potion of flight {unknown}
 m - a potion of invisibility {unknown}
Books
 b - a book of Flames

   Spells                             Type                      Level
   a - Flame Tongue                   Conjuration/Fire             1
   b - Throw Flame                    Conjuration/Fire             2
   c - Conjure Flame                  Conjuration/Fire             3
   d - Inner Flame                    Hexes/Fire                   3
   e - Sticky Flame                   Conjuration/Fire             4
   f - Fireball                       Conjuration/Fire             5
Comestibles
 c - a bread ration


   Skills:
 + Level 2.5(1.8) Dodging
 + Level 2.8(2.2) Stealth
 + Level 3.9(3.3) Spellcasting
 + Level 1.2(0.6) Conjurations
 + Level 4.2(3.5) Fire Magic


You had 2 spell levels left.
You knew the following spells:

 Your Spells              Type           Power        Failure   Level  Hunger
a - Flame Tongue          Conj/Fire      ##...        6%          1    None
b - Conjure Flame         Conj/Fire      ##......     19%         3    ###....
c - Inner Flame           Hex/Fire       #.......     22%         3    ###....


Dungeon Overview and Level Annotations

Branches:
Dungeon (2/15)

Altars:


Message History

You start memorising the spell.
You continue memorising. x3
You finish memorising.
Spell assigned to 'c'.
(D) Dungeon
Where to? (Enter - D:2, ? - help)
There is a stone staircase leading down here.
You climb downwards.
The gnoll shouts! x2
The gnoll hits you from afar with a halberd!
Ouch! That really hurt!
The gnoll misses you.
There is a stone staircase leading up, spattered with blood here.
Casting: Flame Tongue
Confirm with . or Enter, or press ? or * to list all spells.
Aiming: Flame Tongue
Press: ? - help, Shift-Dir - straight line, f - gnoll
Aim: a gnoll, wielding an enchanted whip The flame tongue hits the gnoll.
The gnoll is lightly wounded.
The gnoll hits you from afar with a spear!
You die...

. ##
.#.#######
(#.......#
##.......##
......(@..#
....##g.#g#
# .g..# #
#.#..#
#.##.# #
..# ###


You could see a hand axe and 3 gnolls.

Vanquished Creatures
  A gnoll (D:1)
  6 dart slugs (D:1)
  4 goblins (D:1)
  5 hobgoblins (D:1)
  2 jackals (D:1)
  A bat (D:1)
  A frilled lizard (D:1)
  4 kobolds (D:1)
  2 rats (D:1)
26 creatures vanquished.

Notes
Turn   | Place    | Note
-------+----------+-------------------------------------------
     0 | D:1      | graki42 the Deep Elf Fire Elementalist began the quest for the Orb.
     0 | D:1      | Reached XP level 1. HP: 10/10 MP: 6/6
    66 | D:1      | Reached XP level 2. HP: 15/15 MP: 0/8
   230 | D:1      | Reached skill level 4 in Fire Magic
   250 | D:1      | Reached XP level 3. HP: 11/19 MP: 0/10
  1135 | D:1      | Learned a level 3 spell: Conjure Flame
  1139 | D:1      | Learned a level 3 spell: Inner Flame
  1157 | D:2      | Noticed a hand axe
  1157 | D:2      | Slain by a gnoll

Vault maps used:
D:1:      dpeg_arrival_more_subterranean_lakeside_camping, hangedman_decor_push,
          due_unseen_surprise
D:2:      dancing_weapons_uskayaw, kennysheep_generic_room_15, uniq_sigmund,
          uniq_terence

Skill      XL: |  1  2 |
---------------+-------+-----
Fire Magic     | 4 |  4.2
Dodging        | |  2.5
Stealth        | |  2.8
Spellcasting   | |  3.9
Conjurations   | |  1.2

Action                   || total
-------------------------++-------
Melee: Unarmed           ||     3
 Cast: Flame Tongue      ||    47
Armor: Robe              ||     4
Dodge: Dodged            ||    18

Table legend:
 A = Spawn XP
 B = Non-spawn XP
 C = Spawn XP percentage of total XP
 D = Spawn monster count
 E = Non-spawn monster count
 F = Spawn count percentage of total count
 G = Total turns spent on level
                    A         B        C        D         E        F      G
               +---------+---------+-------+---------+---------+-------+---------
         Total |       0 |      68 |   0.0 |       0 |      26 |   0.0 |  1157
               +---------+---------+-------+---------+---------+-------+---------
           D:1 |       0 |      68 |   0.0 |       0 |      26 |   0.0 |  1154
               +---------+---------+-------+---------+---------+-------+---------
